 Dungeon Crawl Stone Soup version 0.26-b1-45-g23770d1d51 (webtiles) character file.

Game seed: 17378462529638044853

871688 Clowwww the Demonic Barricade (level 27, -1/244 HPs)
             Began as a Demonspawn Fighter on Jan 5, 2021.
             Was the Champion of Trog.
             Killed by divine providence
             ... invoked by a royal mummy
              (8 damage)
             ... on level 1 of the Tomb of the Ancients on Jan 6, 2021.
             The game lasted 06:20:34 (80682 turns).

Clowwww the Demonic Barricade (Demonspawn Fighter) Turns: 80682, Time: 06:20:34

Health: -1/244     AC: 52    Str: 35      XL:     27
Magic:  0/38       EV: 14    Int:  9 (10) God:    Trog [******]
Gold:   10094      SH: 37    Dex: 17      Spells: 26/26 levels left

rFire    + + +     SeeInvis +   X - +7 war axe "Ruves" {vamp, +Fly rPois}
rCold    + + +     Faith    .   c - +3 tower shield {AC+3}
rNeg     + + +     Spirit   +   o - +10 crystal plate armour
rPois    +         Reflect  +   f - +2 helmet {SInv}
rElec    .         Harm     .   l - +0 cloak of Inevitability {rN++}
rCorr    .         Rampage  .   r - +0 pair of gloves of Cues {*Drain rC+++ Regen+ MP+9}
Will     ++++.     Rnd*Tele +   (boots unavailable)
Stlth    ..........             b - amulet "Jopt" {Reflect +Blink rPois rF++ SH+5 Stlth-}
HPRegen  1.90/turn              L - ring "Ohuuroe" {MP+9 Str+3 Int-4 Slay+3 SInv}
MPRegen  0.52/turn              w - ring of Vaitwuof {rN+ Str+6 Int+3}

@: mighty, agile, lethally poisoned (-1 -> -2), regenerating, slowed, studying
Throwing, very slow
A: hooves 3, slimy green scales 3, agile 1, blink, deterioration 1, fire
resistance 1, hurl damnation, low mp 1, powered by pain 3, shaggy fur 1,
teleportitis 1, wild magic 1, magic shield, magic regeneration, magic link,
flame cloud immunity
}: 7/15 runes: serpentine, barnacled, slimy, silver, iron, obsidian, abyssal
a: Hurl Damnation, Blink, Renounce Religion, Evoke Blink, Evoke Flight, Berserk,
Trog's Hand, Brothers in Arms


You were on level 1 of the Tomb of the Ancients.
You worshipped Trog.
Trog was exalted by your worship.
You visited 14 branches of the dungeon, and saw 68 of its levels.
You visited the Abyss 1 time.
You also visited: Trove, Ossuary, Bailey, Ice Cave, Volcano and Wizlab.

You collected 13352 gold pieces.
You spent 3258 gold pieces at shops.

Inventory:

Hand Weapons
 X - the +7 war axe "Ruves" (weapon) {vamp, +Fly rPois}
   (You took it off a deep elf sorcerer on level 3 of the Elven Halls)

   It inflicts no extra harm, but heals its wielder when it wounds a living foe.
   It protects you from poison.
   It lets you fly.
Missiles
 s - 85 boomerangs (quivered)
 A - 11 throwing nets
Armour
 c - a +3 tower shield of protection (worn)
 f - a +2 helmet of see invisible (worn)
 l - the +0 cloak of Inevitability (worn) {rN++}
   (You found it in a wizard's laboratory)

   It greatly protects you from negative energy.
 o - a +10 crystal plate armour (worn)
 r - the +0 pair of gloves of Cues (worn) {*Drain rC+++ Regen+ MP+9}
   (You found it on level 4 of the Vaults)

   It renders you almost immune to cold.
   It affects your magic capacity (+9).
   It increases your rate of regeneration.
   It causes draining when unequipped.
 G - the +0 cloak "Xeerriga" {rF+++}
   (You found it in a wizard's laboratory)

   It renders you almost immune to fire.
Jewellery
 b - the amulet "Jopt" (around neck) {Reflect +Blink rPois rF++ SH+5 Stlth-}
   (You acquired it on level 5 of the Vaults)

   [amulet of reflection]

   It shields you and reflects attacks.
   It greatly protects you from fire.
   It protects you from poison.
   It lets you blink.
   It affects your SH (+5).
   It makes you less stealthy.
 p - an uncursed ring of resist corrosion
 w - the ring of Vaitwuof (right hand) {rN+ Str+6 Int+3}
   (You bought it in a shop on level 4 of the Snake Pit)

   [ring of strength]

   It affects your strength (+6).
   It affects your intelligence (+3).
   It protects you from negative energy.
 B - the ring of Axziodgh {+Fly rN+}
   (You found it on level 3 of the Crypt)

   [ring of flight]

   It protects you from negative energy.
   It lets you fly.
 L - the ring "Ohuuroe" (left hand) {MP+9 Str+3 Int-4 Slay+3 SInv}
   (You found it on level 7 of the Iron City of Dis)

   [ring of magical power]

   It affects your strength (+3).
   It affects your intelligence (-4).
   It affects your accuracy and damage with ranged weapons and melee attacks
   (+3).
   It affects your magic capacity (+9).
   It lets you see invisible.
 P - the ring of Fickiniu {+Inv rN+ Will++}
   (You found it on level 7 of the Iron City of Dis)

   [ring of positive energy]

   It protects you from negative energy.
   It affects your willpower, your defense against some magical effects.
   It lets you turn invisible.
Wands
 d - a wand of flame (90)
 F - a wand of iceblast (43)
 J - a wand of paralysis (24)
 O - a wand of acid (36)
 V - a wand of random effects (32)
Scrolls
 a - a scroll of enchant armour
 g - 10 scrolls of fear
 h - 4 scrolls of blinking
 n - 35 scrolls of teleportation
 q - 7 scrolls of magic mapping
 x - 9 scrolls of fog
 y - 5 scrolls of silence
 I - 19 scrolls of remove curse
 M - 13 scrolls of identify
 N - 2 scrolls of summoning
 W - a scroll of enchant weapon
Potions
 e - 4 potions of resistance
 i - 2 potions of lignification
 j - 4 potions of heal wounds
 k - 5 potions of berserk rage
 m - 23 potions of curing
 v - 12 potions of haste
 z - 13 potions of might
 C - 11 potions of flight
 D - 7 potions of magic
 E - 3 potions of cancellation
 H - 7 potions of invisibility
 Q - 10 potions of ambrosia
Books
 K - a manual of Throwing
Miscellaneous
 u - the horn of Geryon


   Skills:
 + Level 25.7 Fighting
 + Level 26.4 Axes
 + Level 1.3(18.3) Polearms
 + Level 7.8 Throwing
 + Level 19.6 Armour
 + Level 2.3 Dodging
 - Level 4.7 Stealth
 O Level 27 Shields
 + Level 3.1 Evocations


You had 26 spell levels left.
You didn't know any spells.
Your spell library was empty.

Dungeon Overview and Level Annotations

Branches:
Dungeon (15/15)            Temple (0/1) D:5            Lair (6/6) D:10
 Shoals (4/4) Lair:3        Snake (4/4) Lair:3        Slime (5/5) Lair:6
    Orc (2/2) D:11            Elf (3/3) Orc:2        Vaults (5/5) D:14
  Crypt (3/3) Vaults:3       Tomb (1/3) Crypt:3      Depths (5/5) D:15
   Hell (visited)             Dis (7/7) Hell            Geh (7/7) Hell
    Coc (0/7) Hell            Tar (0/7) Hell            Zot (0/5) Depths:5
Ossuary (visited)          Bailey (visited)           IceCv (visited)
Volcano (visited)          WizLab (visited)

Altars:
Ashenzari
Cheibriados
Elyvilon
Gozag
Kikubaaqudgha
Nemelex Xobeh
Ru
Sif Muna
Trog
Vehumet
Wu Jian
Yredelemnul
Zin
The Shining One
Lugonu

Shops:
D:8 [   D:9 !   D:11 =   D:15 *   Orc:2 =[*(   Elf:2 !   Shoals:3 ?
Shoals:4 }   Snake:4 [:}==   Vaults:2 :   Vaults:3 !   Depths:4 *
Depths:5 !:[[

Portals:
Hell: Depths:1 Depths:2 Depths:3 Depths:4 Depths:5
Abyss: Shoals:4 Depths:4 Depths:5
Pandemonium: Depths:1 Depths:3
Ziggurat: Depths:5

Annotations:
D:14 , 2 transporters


Innate Abilities, Weirdness & Mutations

You have hooves in place of feet.
You are completely covered in slimy green scales. (AC +4, rPois)
Your flesh is heat resistant. (rF+)
You can hurl damnation.
You are powered by pain.
When hurt, damage is shared between your health and your magic reserves.
You regenerate magic rapidly.
When low on magic, you restore magic in place of health.
You are immune to clouds of flame.
You are agile. (Dex +2)
You can translocate small distances at will.
Your body sometimes deteriorates upon taking damage.
Your magical capacity is low. (-10% MP)
You are covered in fur. (AC +1)
You are occasionally teleported next to monsters.
Your spells are a little harder to cast, but a little more powerful.


Message History

The vile air hits the vampire.
You hear a shout!
You shred the net and break free!
You are engulfed in dark miasma.
You are poisoned.
You feel as though you will be slow longer.
* * * LOW HITPOINT WARNING * * *
You feel very sick.
The elf zombie disappears in a puff of smoke!
You block the jiangshi's attack. x2
The royal mummy gestures at you while chanting.
Something smites you!
* * * LOW HITPOINT WARNING * * *
You block the flying skull's attack. You block the necrophage's attack.
The mummy priest calls on the powers of darkness!
Your body is wracked with pain!
The shadow wraith hits you but does no damage.
The phantasmal warrior blinks!
The mummy barely misses you.
The royal mummy points at you and mumbles some strange words.
Something smites you!
You die...

#.8...8.# #.....(.#
##'''''##
#####.....^.#####
.....M...§....... ###
#........§......# ##...
#Z..W.....V..M..#
#..^.M#VzZ.M...^§Z....#
#M8M@WzVZ☼.^§.§....#
#...MM#Mn§....^...§V..#
##...##zWV.###+###§.Z.#
#### #WZW.# V...#
WM.Z.# ... .....#
.....# ##....#


You could see a royal mummy, 2 mummy priests, a jiangshi (summoned), a flayed
ghost (summoned), a shadow wraith (summoned, invisible), 2 phantasmal warriors,
an ushabti (catching breath), a freezing wraith (summoned), 2 vampires, a wraith
(summoned), a necrophage (summoned), 3 flying skulls, 6 mummies, a dire elephant
simulacrum (summoned), a troll simulacrum (summoned), a titan simulacrum
(summoned) and 2 fire giant zombies.

Vanquished Creatures
  Asmodeus (Geh:7)
  Dispater (Dis:7)
  3 ancient liches
  A juggernaut (Depths:4)
  Sojobo (Crypt:2)
  Boris (Depths:3)
  The ghost of Morbidden the Warrior, a veteran DrTm of Cheibriados (Crypt:1)
  Frederick (Crypt:1)
  Bai Suzhen (Vaults:4)
  Vashnia (Snake:2)
  A caustic shrike (Depths:3)
  Geryon (Hell)
  A curse toe (Crypt:3)
  6 golden dragons
  A bone dragon (Dis:5)
  4 profane servitors
  23 Brimstone Fiends
  5 iron giants (Dis:7)
  2 tentacled monstrosities
  11 liches
  5 Hell Sentinels (Dis:7)
  3 Ice Fiends (Dis:7)
  Asterion (Snake:1)
  26 acid blobs
  2 deep elf master archers (Elf:3)
  An eldritch tentacle (WizLab)
  Polyphemus (Shoals:2)
  4 titans (Vaults:5)
  2 deep elf blademasters
  5 quicksilver dragons
  Murray (Hell)
  2 Executioners (Dis:7)
  6 tentacled starspawn
  A kraken (Shoals:3)
  6 sphinxes
  9 shadow dragons
  3 storm dragons
  10 ancient champions
  5 tengu reavers
  Ilsuiw (Shoals:3)
  5 revenants
  8 azure jellies
  A daeva (Abyss:4)
  Roxanne (Snake:4)
  11 nagarajas
  12 vault wardens
  13 frost giants
  3 cacodemons
  8 deep elf sorcerers
  14 ghouls
  A ghost moth (Abyss:4)
  3 orc warlords
  11 fire giants
  9 iron dragons
  A juggernaut zombie (Hell)
  2 draconian shifters (Depths:5)
  2 curse skulls
  5 deep elf elementalists
  The ghost of Teryn the Corrupter of Planes, a journeyman DsAK of Lugonu (Shoals:1)
  Aizul (Snake:1)
  9 balrugs
  27 reapers
  3 spriggan defenders
  10 vampire knights
  16 very ugly things
  10 ironheart preservers
  16 war gargoyles
  16 stone giants
  A green draconian (WizLab)
  6 deep elf demonologists (Elf:3)
  2 black draconians (Depths:5)
  A spectral titan (Crypt:1)
  A purple draconian (Depths:5)
  2 lorocyprocas
  The ghost of Nyzic the Grappler, a journeyman TrMo (Lair:4)
  5 entropy weavers
  7 deep elf annihilators
  Nessos (D:14)
  5 spark wasps
  A dire elephant (D:15)
  3 red draconians (Depths:5)
  8 ettins
  2 pearl dragon zombies (Crypt:1)
  A yellow draconian (Depths:5)
  13 deep elf death magi
  10 merfolk impalers
  3 green deaths
  5 jiangshi
  4 blizzard demons
  3 quicksilver dragon zombies
  6 merfolk javelineers
  23 yaktaur captains
  3 mummy priests (Tomb:1)
  Josephine (D:10)
  A kraken zombie (Hell)
  7 death oozes
  14 small abominations
  12 fire dragons
  8 deep elf high priests
  16 great orbs of eyes
  16 naga warriors
  2 rakshasas
  The ghost of Jiolyugh the Geomancer, a journeyman GrEE of Qazlal (D:14)
  35 vault guards
  2 boulder beetles
  6 spriggan air magi
  6 hydras
  2 catoblepae
  3 quicksilver dragon skeletons
  11 ice dragons
  A catoblepas (shapeshifter) (Elf:3)
  10 anacondas
  6 death knights
  A fenstrider witch skeleton (Crypt:2)
  5 merfolk avatars
  A spectral stone giant (Crypt:1)
  13 ogre magi
  An alligator snapping turtle (Shoals:1)
  2 merfolk aquamancers (Shoals:4)
  A two-headed ogre (shapeshifter) (Vaults:4)
  41 two-headed ogres
  4 tengu warriors
  29 dancing weapons
  4 satyrs
  11 shock serpents
  5 deep troll shamans
  13 naga sharpshooters
  8 centaur warriors
  10 death yaks
  7 titan zombies
  6 deep troll earth magi
  10 vampire magi
  40 hell hogs
  5 death scarabs (Tomb:1)
  A shock serpent (shapeshifter) (Vaults:4)
  5 spriggan berserkers
  10 thrashing horrors
  4 orc high priests (Orc:2)
  A spectral storm dragon (Crypt:1)
  Nergalle (D:10)
  5 storm dragon zombies
  5 wretched stars
  3 soul eaters
  4 iron golems
  14 sun demons
  20 deep elf knights
  77 hell knights
  5 iron trolls
  3 sixfirhies
  2 spatial maelstroms
  A fire crab (shapeshifter) (D:13)
  A spectral emperor scorpion (Crypt:1)
  4 titan skeletons
  3 salamander mystics
  38 skeletal warriors
  6 shadow wraiths
  25 sea snakes
  A spark wasp zombie (Hell)
  19 flayed ghosts
  2 unseen horrors
  2 golden dragon zombies
  A bunyip zombie (Crypt:3)
  18 deep trolls
  A deep troll (shapeshifter) (Vaults:4)
  An unseen horror (shapeshifter) (Abyss:3)
  4 glowing orange brains
  3 tengu zombies
  A shadow demon (Dis:7)
  2 storm dragon skeletons
  18 phantasmal warriors
  4 wizards
  4 bog bodies
  4 naga ritualists
  A swamp dragon (Lair:6)
  2 golden dragon skeletons (Geh:2)
  A gelid demonspawn (Depths:3)
  19 large abominations
  4 anaconda zombies
  5 wolf spider zombies
  15 ironbrand convokers
  24 necromancers
  2 lindwurms (Volcano)
  4 wolf spiders
  10 anaconda skeletons
  An obsidian statue (WizLab)
  27 deep elf archers
  9 shining eyes
  A shadow dragon zombie (Dis:7)
  10 orc sorcerers
  7 stone giant zombies
  A manticore (shapeshifter) (Vaults:5)
  65 deep elf magi
  12 harpies
  14 orc knights
  An orb spider (shapeshifter) (D:15)
  32 ugly things
  A spectral ettin (Crypt:1)
  9 fire giant zombies
  2 salamanders (shapeshifter)
  7 cyclopes
  4 worldbinders
  4 iron dragon zombies
  8 fauns (Shoals:3)
  6 frost giant zombies
  14 mana vipers
  83 slime creatures
  45 rust devils
  19 manticores
  7 salamanders
  5 shadow dragon skeletons
  An iron dragon skeleton (Geh:5)
  A cyclops (shapeshifter) (Depths:1)
  10 elephants
  An elephant (shapeshifter) (Depths:5)
  4 apis skeletons (Crypt:1)
  2 dire elephant zombies
  3 guardian serpents (shapeshifter)
  10 stone giant skeletons
  15 merfolk sirens
  2 eyes of devastation
  11 guardian serpents
  A toenail golem (Volcano)
  5 frost giant skeletons
  31 black mambas
  2 ice statues
  23 naga magi
  17 vault sentinels
  19 molten gargoyles
  A shock serpent zombie (Crypt:1)
  11 water nymphs
  14 smoke demons
  A water nymph (shapeshifter) (Vaults:5)
  An apocalypse crab (Abyss:4)
  3 fire giant skeletons
  2 spriggan zombies
  2 storm dragon simulacra
  A demonspawn skeleton (WizLab)
  12 cane toads
  Maggie (D:9)
  4 orange demons
  A gargoyle (D:13)
  A death yak zombie (Crypt:1)
  2 shock serpent skeletons (Geh:2)
  3 catoblepas zombies
  24 hellions
  2 yaktaur zombies (Hell)
  2 emperor scorpion zombies
  A rime drake (shapeshifter) (Vaults:1)
  12 komodo dragons
  An elf zombie (Hell)
  3 dire elephant skeletons
  2 rime drakes (Lair:6)
  8 efreet
  15 freezing wraiths
  An anaconda simulacrum (Crypt:1)
  7 ice devils
  62 yaktaurs
  A kobold demonologist (Abyss:3)
  A swamp worm zombie (Crypt:1)
  A catoblepas skeleton (Hell)
  A golden dragon simulacrum (Crypt:1)
  A grey draconian skeleton (Crypt:2)
  A minotaur skeleton (Crypt:1)
  32 tormentors
  6 guardian mummies
  5 hydra zombies
  3 hellwings
  A tengu conjurer (Depths:2)
  A komodo dragon (shapeshifter) (Depths:4)
  A queen bee (Lair:3)
  7 ancient zymes
  2 demonic crawlers
  9 trolls
  2 harpy zombies
  32 merfolk
  27 red devils
  A black draconian skeleton (Crypt:3)
  16 polar bears
  8 hornets
  2 meliai (shapeshifter)
  A yellow draconian skeleton (Crypt:3)
  A hornet (shapeshifter) (Vaults:1)
  2 jumping spiders (shapeshifter)
  A wind drake (shapeshifter) (D:13)
  3 wind drakes
  A wolf spider simulacrum (Crypt:1)
  4 ettin zombies
  2 ice dragon zombies
  9 snapping turtles
  A raiju (shapeshifter) (Vaults:2)
  A tarantella zombie (Crypt:3)
  17 dream sheep
  6 hydra skeletons
  35 blink frogs
  6 raiju
  4 fire dragon zombies
  An alligator skeleton (Hell)
  An alligator zombie (Geh:2)
  A frost giant simulacrum (Crypt:1)
  An ice dragon skeleton (Geh:2)
  A guardian serpent skeleton (Crypt:2)
  28 shadows
  4 air elementals
  74 flying skulls
  2 black mamba zombies
  A redback (shapeshifter) (Depths:3)
  2 ettin skeletons (Geh:7)
  31 wraiths
  3 spriggans
  4 vampires
  A ynoxinul (WizLab)
  A fire dragon skeleton (Geh:2)
  A spriggan (shapeshifter) (Vaults:1)
  2 dire elephant simulacra
  2 ushabtiu (Tomb:1)
  15 water elementals
  65 yaks
  A redback (Vaults:4)
  A fire bat (shapeshifter) (Vaults:2)
  A tarantella (shapeshifter) (Vaults:4)
  5 wyverns
  45 fire elementals
  5 neqoxecs
  5 basilisks
  2 steam dragons (Lair:6)
  A yak (shapeshifter) (D:15)
  3 black mamba skeletons
  4 chaos spawn
  6 golden eyes (Slime:4)
  A hog (shapeshifter) (Vaults:3)
  A basilisk (shapeshifter) (Vaults:2)
  2 human simulacra (Vaults:1)
  76 nagas
  4 vampire mosquitoes (D:15)
  3 merfolk zombies
  3 wargs
  An emperor scorpion simulacrum (Hell)
  An acid dragon (Vaults:1)
  6 spatial vortices
  A hydra simulacrum (Crypt:1)
  A cane toad zombie (Crypt:1)
  17 water moccasins
  41 hell hounds
  A soldier ant (D:14)
  2 floating eyes
  3 ice beasts
  3 swamp drakes (Lair:6)
  2 ogre skeletons
  43 orc warriors
  7 sky beasts
  3 cane toad skeletons
  An alligator simulacrum (Hell)
  A manticore zombie (Dis:7)
  2 ice dragon simulacra
  8 necrophages
  3 snapping turtle zombies
  21 boggarts
  3 black bears
  31 ogres
  8 phantoms
  A swamp dragon zombie (Geh:4)
  8 eyes of draining
  A tengu (shapeshifter) (Abyss:4)
  38 wolves
  A lindwurm zombie (Crypt:3)
  12 centaurs
  A swamp dragon skeleton (Geh:1)
  3 snapping turtle skeletons
  A palentonga zombie (Crypt:1)
  A komodo dragon zombie (Crypt:3)
  22 bullfrogs
  8 big kobolds
  A cyclops zombie (Crypt:3)
  A cane toad simulacrum (Hell)
  A gnoll sergeant (D:7)
  5 water moccasin zombies (Ossuary)
  A glowing shapeshifter simulacrum (Vaults:1)
  A merfolk simulacrum (Hell)
  8 earth elementals
  A wyvern zombie (D:6)
  31 killer bees
  4 scorpions
  An elf simulacrum (Vaults:3)
  A troll skeleton (Geh:2)
  76 wights
  9 howler monkeys
  3 electric eels
  A bullfrog zombie (D:6)
  7 crimson imps
  28 starcursed masses
  6 quasits
  9 hounds
  5 centaur zombies
  23 iron imps
  13 orc priests
  Ijyb (D:2)
  10 centaur skeletons
  Crazy Yiuf (D:7)
  Jessica (D:2)
  A human skeleton (Geh:2)
  A black bear skeleton (Crypt:2)
  6 iguanas
  24 orc wizards
  6 worker ants
  A killer bee zombie (D:9)
  An acid dragon zombie (Crypt:1)
  5 big kobold zombies (Ossuary)
  A tengu skeleton (Geh:5)
  3 hound skeletons
  19 mummies
  A worker ant zombie (D:6)
  15 adders
  19 gnolls
  3 shadow imps
  3 white imps
  8 ufetubi
  An ooze (D:1)
  5 adder zombies (Ossuary)
  An adder skeleton (Crypt:3)
  An iguana skeleton (Crypt:1)
  3 worms
  2 dart slugs
  6 leopard geckos
  95 orcs
  A bat skeleton (Crypt:3)
  6 giant cockroaches
  A gnoll zombie (Ossuary)
  18 goblins
  7 hobgoblins
  8 jackals (D:7)
  7 quokkas
  3 ball pythons
  9 bats
  5 frilled lizards
  A giant cockroach zombie (Crypt:1)
  6 hobgoblin zombies (Ossuary)
  A jackal zombie (Crypt:2)
  34 kobolds
  2 kobold skeletons
  7 kobold zombies
  2 leopard gecko skeletons
  6 orc zombies (Ossuary)
  2 quokka skeletons (D:4)
  6 rats
  5 crawling corpses
  3 fire vortices (Volcano)
  A lurking horror (Shoals:4)
  5 starspawn tentacles
  A tentacle (Shoals:3)
3635 creatures vanquished.

Vanquished Creatures (collateral kills)
  the Royal Jelly (Slime:5)
  A golden dragon (Vaults:5)
  An Ice Fiend (Dis:7)
  A titan (Vaults:5)
  2 acid blobs (Slime:5)
  A tengu reaver (Vaults:5)
  A frost giant (Vaults:5)
  2 azure jellies (Slime:5)
  The ghost of Quickbrownfox the Slicer, a journeyman MiMo of Okawaru (Orc:2)
  A blizzard demon (Hell)
  3 death oozes (Slime:5)
  The ghost of Zaegoraum the Carver, a journeyman DsAK of Lugonu (Lair:4)
  The ghost of kthxbai the Destroyer, a journeyman DECj of Vehumet (Lair:4)
  A deep troll shaman (Depths:3)
  2 dancing weapons (Elf:2)
  2 deep elf knights (Elf:2)
  A sun demon (Hell)
  A glowing orange brain (Depths:3)
  A deep elf archer (Elf:3)
  A deep elf mage (Elf:3)
  An anaconda skeleton (Hell)
  An orc sorcerer (Orc:1)
  An orc knight (D:15)
  A troll (Orc:1)
  A warg (Orc:1)
  A floating eye (Slime:5)
  3 orc warriors
  An ogre (Orc:1)
  An orc wizard (D:15)
  4 orcs (Orc:1)
41 creatures vanquished.

Vanquished Creatures (others)
  A golden dragon (Vaults:5)
  2 storm dragons (Vaults:5)
  A tengu reaver (Crypt:2)
  3 vault wardens (Vaults:5)
  A reaper (Geh:7)
  A vampire knight (Depths:2)
  A deep elf high priest (Vaults:5)
  An ogre mage (Vaults:5)
  A dancing weapon (Elf:2)
  7 hell hogs
  2 hell knights
  A sun demon (Geh:5)
  A deep elf knight (Vaults:1)
  A deep troll (Vaults:5)
  A storm dragon skeleton (Dis:2)
  A necromancer (Geh:2)
  A deep elf mage (Elf:2)
  A fire giant zombie (Geh:7)
  A smoke demon (Depths:3)
  An efreet (Abyss:3)
  A tormentor (Geh:2)
  A merfolk (Shoals:3)
  A blink frog (WizLab)
  7 flying skulls
  A wraith (Geh:1)
  A chaos spawn (Abyss:3)
  A warg (Orc:1)
  A hell hound (Dis:7)
  A boggart (Depths:3)
  2 wights
  A quasit (Depths:3)
  An iguana (Lair:6)
  A mummy (Dis:2)
  An orc (D:15)
  2 kobolds (D:9)
  3 crawling corpses (Vaults:5)
  29 fungi
  3 lurking horrors
  122 plants
  10 starspawn tentacles
  6 tentacles (Shoals:3)
  4 withered plants (Lair:4)
230 creatures vanquished.

Grand Total: 3906 creatures vanquished

Notes
Turn   | Place    | Note
-------+----------+-------------------------------------------
     0 | D:1      | Clowwww the Demonspawn Fighter began the quest for the Orb.
     0 | D:1      | Reached XP level 1. HP: 18/18 MP: 1/1
   346 | D:1      | Gained mutation: You sometimes gain a little power by
                  | taking damage. [demonic ancestry]
   346 | D:1      | Reached XP level 2. HP: 24/24 MP: 2/2
   849 | D:1      | Gained mutation: You have large cloven feet. [demonic
                  | ancestry]
   849 | D:1      | Reached XP level 3. HP: 25/29 MP: 3/3
   973 | D:1      | Reached skill level 3 in Shields
  1323 | D:2      | Noticed Jessica
  1337 | D:2      | Killed Jessica
  1338 | D:2      | Gained mutation: You have hoof-like feet. [demonic
                  | ancestry]
  1338 | D:2      | Reached XP level 4. HP: 7/35 MP: 4/4
  1646 | D:2      | Noticed Ijyb
  1661 | D:2      | Killed Ijyb
  1662 | D:2      | Reached skill level 1 in Dodging
  1873 | D:2      | Reached XP level 5. HP: 31/41 MP: 5/5
  2350 | D:3      | Found an ornate altar of the Wu Jian Council.
  2486 | D:3      | Found a bloodstained altar of Trog.
  2510 | D:3      | Became a worshipper of Trog the Wrathful
  2525 | D:3      | Found a sparkling altar of Nemelex Xobeh.
  2909 | D:4      | Noticed an ogre
  2915 | D:4      | Killed an ogre
  2916 | D:4      | Gained mutation: You sometimes gain power by taking damage.
                  | [demonic ancestry]
  2916 | D:4      | Reached XP level 6. HP: 26/47 MP: 6/6
  3166 | D:4      | Found a basalt altar of Yredelemnul.
  3273 | D:4      | Reached skill level 5 in Axes
  3737 | D:5      | Entered Level 5 of the Dungeon
  3841 | D:5      | Reached XP level 7. HP: 36/52 MP: 7/7
  3853 | D:5      | Found a sand-covered staircase.
  3876 | Ossuary  | Entered an ossuary
  4167 | Ossuary  | Reached * piety under Trog
  4264 | Ossuary  | Reached XP level 8. HP: 58/60 MP: 8/8
  4368 | D:5      | Identified a scroll of acquirement
  4368 | D:5      | Acquired a +2 crystal plate armour
  4490 | D:5      | Found a staircase to the Ecumenical Temple.
  4697 | D:5      | Reached ** piety under Trog
  4907 | D:6      | Reached skill level 1 in Stealth
  5274 | D:6      | Reached skill level 4 in Shields
  5309 | D:6      | Found a glowing golden altar of the Shining One.
  5360 | D:6      | Found a shimmering blue altar of Sif Muna.
  5619 | D:7      | Found a runed translucent door.
  5620 | D:7      | Noticed Crazy Yiuf
  5670 | D:7      | Killed Crazy Yiuf
  5712 | D:7      | Gained mutation: When hurt, damage is shared between your
                  | health and your magic reserves. [demonic ancestry]
  5712 | D:7      | Reached XP level 9. HP: 66/66 MP: 9/9
  5852 | D:7      | Reached *** piety under Trog
  6744 | D:8      | Noticed a two-headed ogre
  6753 | D:8      | Killed a two-headed ogre
  6754 | D:8      | Reached skill level 5 in Fighting
  6754 | D:8      | Reached skill level 10 in Axes
  6950 | D:8      | Found Notau's Armour Emporium.
  7022 | D:8      | Gained mutation: You are partially covered in slimy green
                  | scales. (AC +2) [demonic ancestry]
  7022 | D:8      | Reached XP level 10. HP: 29/74 MP: 5/10
  7053 | D:8      | Reached **** piety under Trog
  7779 | D:9      | Noticed a two-headed ogre
  7780 | D:9      | Reached skill level 5 in Shields
  7794 | D:9      | Killed a two-headed ogre
  7798 | D:9      | Reached skill level 5 in Armour
  7834 | D:9      | Noticed Maggie
  7851 | D:9      | Killed Maggie
  7878 | D:9      | Found a flagged portal.
  7891 | Bailey   | Entered a bailey
  8077 | Bailey   | Identified the Collected Works on Doomed Intoxication
  8084 | Bailey   | Found an iron altar of Okawaru.
  8448 | D:9      | Found a glowing silver altar of Zin.
  8455 | D:9      | Found a snail-covered altar of Cheibriados.
  8467 | D:9      | Found an ancient bone altar of Kikubaaqudgha.
  8467 | D:9      | Found a bloodstained altar of Trog.
  8468 | D:9      | Found a radiant altar of Vehumet.
  8469 | D:9      | Found a white marble altar of Elyvilon.
  8470 | D:9      | Found a broken altar of Ashenzari.
  8471 | D:9      | Found an opulent altar of Gozag.
  8655 | D:9      | Found Qaebb's Distillery.
  8658 | D:9      | Reached ***** piety under Trog
  8776 | D:9      | Bought 2 potions of heal wounds for 150 gold pieces
  8935 | D:10     | Entered Level 10 of the Dungeon
  9026 | D:10     | Reached XP level 11. HP: 59/81 MP: 9/11
  9282 | D:10     | Found a staircase to the Lair.
  9307 | D:10     | Reached skill level 6 in Shields
  9666 | D:10     | Noticed Nergalle
  9691 | D:10     | Killed Nergalle
  9839 | D:10     | Noticed a two-headed ogre
  9855 | D:10     | Killed a two-headed ogre
  9866 | D:10     | Noticed Josephine
  9885 | D:10     | Killed Josephine
  9919 | D:10     | Noticed a two-headed ogre
  9941 | D:10     | Killed a two-headed ogre
 10488 | D:11     | Noticed a seven-headed hydra
 10496 | D:11     | Killed a seven-headed hydra
 10497 | D:11     | Reached skill level 1 in Evocations
 11082 | D:11     | Found a staircase to the Orcish Mines.
 11428 | D:11     | Noticed a two-headed ogre
 11440 | D:11     | Killed a two-headed ogre
 11441 | D:11     | Reached skill level 1 in Throwing
 11686 | D:11     | Noticed a two-headed hydra
 11698 | D:11     | Killed a three-headed hydra
 11794 | D:11     | Found Qatocwora's Jewellery Shoppe.
 11839 | D:11     | Reached XP level 12. HP: 89/89 MP: 12/12
 12182 | D:12     | Received a gift from Trog
 12230 | D:12     | Noticed a two-headed ogre
 12244 | D:12     | Killed a two-headed ogre
 12245 | D:12     | Reached skill level 7 in Shields
 13371 | D:13     | Noticed a centaur warrior
 13389 | D:13     | Killed a centaur warrior
 13794 | D:13     | Reached skill level 15 in Axes
 14771 | D:14     | Found a runed translucent door.
 14771 | D:14     | Noticed Jiolyugh's ghost (journeyman GrEE)
 14782 | D:14     | Noticed a centaur warrior
 14800 | D:14     | Killed a centaur warrior
 14828 | D:14     | Noticed a boulder beetle
 14847 | D:14     | Reached ****** piety under Trog
 14879 | D:14     | Killed a boulder beetle
 14880 | D:14     | Gained mutation: You regenerate magic rapidly. [demonic
                  | ancestry]
 14880 | D:14     | Reached XP level 13. HP: 77/98 MP: 3/13
 14910 | D:14     | Found a frozen archway.
 14944 | IceCv    | Entered an ice cave
 15204 | IceCv    | Reached skill level 8 in Shields
 15349 | IceCv    | Received a gift from Trog
 16008 | IceCv    | Noticed a frost giant
 16021 | IceCv    | Killed a frost giant
 16355 | D:14     | Found a transporter.
 16356 | D:14     | Found a transporter.
 16417 | D:14     | Gained mutation: Your flesh is heat resistant. (rF+)
                  | [demonic ancestry]
 16417 | D:14     | Reached XP level 14. HP: 89/108 MP: 11/14
 16697 | D:14     | Found a gate to the Vaults.
 16743 | D:14     | Noticed Nessos
 16791 | D:14     | Killed Nessos
 17242 | D:14     | Killed Jiolyugh's ghost
 17282 | D:15     | Entered Level 15 of the Dungeon
 17554 | D:15     | Reached skill level 9 in Shields
 17848 | D:15     | Acquired a manual of Armour
 18101 | D:15     | Found a sacrificial altar of Ru.
 18350 | D:15     | Found Iqooshr Juish's General Store.
 18475 | D:15     | Reached skill level 10 in Fighting
 18795 | D:15     | Found a staircase to the Depths.
 18810 | D:15     | Paralysed by a great orb of eyes for 3 turns
 19162 | D:15     | Paralysed by a great orb of eyes for 2 turns
 19729 | Lair:1   | Entered Level 1 of the Lair of Beasts
 20885 | Lair:2   | Reached skill level 10 in Shields
 21293 | Lair:2   | Reached skill level 10 in Armour
 21766 | Lair:3   | Received a gift from Trog
 21804 | Lair:3   | Found a dark tunnel.
 21817 | Volcano  | Entered a volcano
 22799 | Lair:3   | Gained mutation: You have hooves in place of feet. [demonic
                  | ancestry]
 22799 | Lair:3   | Reached XP level 15. HP: 113/117 MP: 15/15
 22862 | Lair:3   | Found a staircase to the Snake Pit.
 23006 | Lair:3   | Found an ancient bone altar of Kikubaaqudgha.
 23038 | Lair:3   | Found a staircase to the Shoals.
 23293 | Lair:3   | Received a gift from Trog
 23296 | Lair:3   | Got a masterwork spear {god gift}
 23297 | Lair:3   | Identified the +6 spear of Xuit {flame, *Slow rElec rN+}
                  | (Trog gifted it to you on level 3 of the Lair of Beasts)
 24325 | Lair:4   | Found a runed translucent gate.
 24325 | Lair:4   | Found a runed translucent gate.
 24325 | Lair:4   | Found a runed translucent gate.
 24372 | Lair:4   | Noticed Zaegoraum's ghost (journeyman DsAK)
 24372 | Lair:4   | Noticed Nyzic's ghost (journeyman TrMo)
 24372 | Lair:4   | Noticed kthxbai's ghost (journeyman DECj)
 24618 | Lair:4   | Killed kthxbai's ghost
 24619 | Lair:4   | Killed Nyzic's ghost
 24624 | Lair:4   | Killed Zaegoraum's ghost
 24797 | Lair:5   | Reached skill level 11 in Shields
 25685 | Lair:6   | Entered Level 6 of the Lair of Beasts
 26324 | Lair:6   | Found a staircase to the Slime Pits.
 26693 | Lair:6   | Received a gift from Trog
 27173 | Orc:1    | Entered Level 1 of the Orcish Mines
 27218 | Orc:1    | Reached skill level 1 in Polearms
 27229 | Orc:1    | Noticed an orc warlord
 27238 | Orc:1    | Killed an orc warlord
 27280 | Orc:1    | Noticed an orc warlord
 27301 | Orc:1    | Killed an orc warlord
 27302 | Orc:1    | Reached XP level 16. HP: 124/126 MP: 13/16
 27791 | Orc:1    | Received a gift from Trog
 27794 | Orc:1    | Got a scorched broad axe {god gift}
 27803 | Orc:1    | Identified the +3 broad axe "Ehafog" {vorpal, rN+ Str+2}
                  | (Trog gifted it to you on level 1 of the Orcish Mines)
 27958 | Orc:2    | Entered Level 2 of the Orcish Mines
 27958 | Orc:2    | Found a bloodstained altar of Trog.
 27991 | Orc:2    | Found a runed translucent door.
 27995 | Orc:2    | Noticed Quickbrownfox's ghost (journeyman MiMo)
 28009 | Orc:2    | Killed Quickbrownfox's ghost
 28021 | Orc:2    | Got a transparent plate armour
 28029 | Orc:2    | Identified the +0 plate armour of Yredelemnul {rC+ Dex+4}
                  | (You found it on level 2 of the Orcish Mines)
 28089 | Orc:2    | Found Idimiba's Antique Weapon Shop.
 28228 | Orc:2    | Reached skill level 12 in Shields
 28247 | Orc:2    | Found Xuant's General Store.
 28357 | Orc:2    | Found Esiynif's Antique Armour Shop.
 28555 | Orc:2    | Found a staircase to the Elven Halls.
 28581 | Orc:2    | Found Vyren's Jewellery Boutique.
 28854 | Elf:1    | Entered Level 1 of the Elven Halls
 29061 | Elf:1    | Received a gift from Trog
 29100 | Elf:1    | Got a steaming ring mail
 29101 | Elf:1    | Identified the +5 ring mail of the Evening {rPois rF- rC-
                  | rN+ Str+2} (You found it on level 1 of the Elven Halls)
 29857 | Elf:2    | Found Itoguazu's Distillery.
 29878 | Elf:2    | Received a gift from Trog
 30430 | Elf:2    | Found a runed translucent gate.
 30430 | Elf:2    | Found a runed translucent gate.
 30431 | Elf:2    | Found a runed translucent gate.
 30501 | Elf:2    | Reached XP level 17. HP: 131/136 MP: 15/17
 30636 | Elf:2    | Reached skill level 13 in Shields
 30702 | Elf:2    | Received a gift from Trog
 31199 | Elf:3    | Entered Level 3 of the Elven Halls
 31414 | Elf:3    | Noticed a deep elf master archer
 31454 | Elf:3    | Killed a deep elf master archer
 31457 | Elf:3    | Noticed a deep elf master archer
 31477 | Elf:3    | Noticed a deep elf blademaster
 31479 | Elf:3    | Killed a deep elf master archer
 31537 | Elf:3    | Identified the +9 war axe of Forced Transition {drain, rF+}
 31551 | Elf:3    | Killed a deep elf blademaster
 31878 | Elf:3    | Received a gift from Trog
 31882 | Elf:3    | Got a slimy broad axe {god gift}
 31883 | Elf:3    | Identified the +6 broad axe of Honour {vorpal, rPois rF+
                  | Str-4 Stlth+} (Trog gifted it to you on level 3 of the
                  | Elven Halls)
 32008 | Elf:3    | Acquired a manual of Armour
 32224 | Elf:3    | Noticed an Ice Fiend
 32231 | Elf:3    | Identified the +1 plate armour of Iherre {rElec rPois Int-3
                  | SInv}
 32251 | Elf:3    | Identified the Handbook of Mutagenic Cold
 32423 | Elf:3    | Noticed a deep elf blademaster
 32430 | Elf:3    | Identified the +9 great sword of Destiny {vamp, Will+}
 32474 | Elf:2    | Killed a deep elf blademaster
 32637 | Elf:3    | Identified the +7 war axe "Ruves" {vamp, +Fly rPois}
 32689 | Elf:3    | Reached XP level 18. HP: 34/145 MP: 13/18
 32901 | Elf:3    | Identified the Grimoire of Hexes and the Glacier
 33016 | Elf:3    | HP: 8/198 [ghostly deep elf death mage/bolt of negative
                  | energy (15)]
 33568 | Snake:1  | Entered Level 1 of the Snake Pit
 33789 | Snake:1  | Reached skill level 14 in Shields
 33792 | Snake:1  | Noticed Asterion
 33811 | Snake:1  | Killed Asterion
 33811 | Snake:1  | Received a gift from Trog
 34413 | Snake:1  | Noticed Aizul
 34435 | Snake:1  | Killed Aizul
 35029 | Snake:2  | Noticed Vashnia
 35126 | Snake:2  | Killed Vashnia
 35437 | Snake:2  | Received a gift from Trog
 36192 | Snake:3  | Reached skill level 15 in Shields
 36886 | Snake:4  | Entered Level 4 of the Snake Pit
 37077 | Snake:4  | Found Nuqod's Armour Shop.
 37108 | Snake:4  | Reached XP level 19. HP: 151/153 MP: 19/19
 37112 | Snake:4  | Received a gift from Trog
 37373 | Snake:4  | Reached skill level 15 in Fighting
 37419 | Snake:4  | Noticed Roxanne
 37531 | Snake:4  | Killed Roxanne
 37728 | Snake:4  | Received a gift from Trog
 37978 | Snake:4  | Found Uggeowis's Book Boutique.
 38063 | Snake:4  | Found Hozipirgh's Jewellery Shop.
 38064 | Snake:4  | Found Zozxoata's Gadget Shoppe.
 38065 | Snake:4  | Found Mistacit's Jewellery Shop.
 38079 | Snake:4  | Bought the ring of Vaitwuof {rN+ Str+6 Int+3} for 1292 gold
                  | pieces
 38234 | Snake:4  | Reached skill level 16 in Shields
 38318 | Snake:4  | Got a serpentine rune of Zot
 38567 | Shoals:1 | Entered Level 1 of the Shoals
 38600 | Shoals:1 | Found a transporter.
 38935 | Vaults:1 | Entered Level 1 of the Vaults
 38968 | Vaults:1 | Found a magical portal.
 38977 | WizLab   | Entered The Roulette of Golubria
 38977 | WizLab   | Found a transporter.
 38982 | WizLab   | Found a corrupted altar of Lugonu.
 38992 | WizLab   | Reached skill level 5 in Throwing
 39034 | WizLab   | Found a transporter.
 39034 | WizLab   | Found a corrupted altar of Lugonu.
 39039 | WizLab   | Found a transporter.
 39098 | WizLab   | Found a transporter.
 39146 | WizLab   | Found a transporter.
 39158 | WizLab   | Paralysed by accursed screaming for 1 turns
 39167 | WizLab   | Received a gift from Trog
 39204 | WizLab   | Found a transporter.
 39205 | WizLab   | Found a transporter.
 39258 | WizLab   | Found a transporter.
 39347 | WizLab   | Found a transporter.
 39404 | WizLab   | Found a transporter.
 39564 | WizLab   | Got an ichor-stained cloak
 39569 | WizLab   | Got a bloodstained cloak
 39581 | WizLab   | Got a jewelled cloak
 39668 | WizLab   | Found a transporter.
 39698 | WizLab   | Identified the +0 cloak "Xeerriga" {rF+++} (You found it in
                  | a wizard's laboratory)
 39699 | WizLab   | Identified the cursed +0 cloak of Divine Compulsion {-Tele
                  | +Inv Int+3 Dex+4} (You found it in a wizard's laboratory)
 39700 | WizLab   | Identified the +0 cloak of Inevitability {rN++} (You found
                  | it in a wizard's laboratory)
 39704 | WizLab   | Found a transporter.
 39704 | WizLab   | Found a transporter.
 39756 | WizLab   | Found a transporter.
 39756 | WizLab   | Found a transporter.
 39779 | WizLab   | Identified Golubria's Disquisition on the Compass
 39791 | WizLab   | Found a transporter.
 39791 | WizLab   | Found a transporter.
 39821 | WizLab   | Found a transporter.
 39967 | WizLab   | Reached skill level 15 in Armour
 39981 | WizLab   | Found a transporter.
 39981 | WizLab   | Found a transporter.
 40153 | Vaults:1 | Gained mutation: You are mostly covered in slimy green
                  | scales. (AC +3) [demonic ancestry]
 40153 | Vaults:1 | Reached XP level 20. HP: 164/164 MP: 20/20
 40161 | Vaults:1 | Received a gift from Trog
 41064 | Vaults:1 | Received a gift from Trog
 41776 | Vaults:2 | Reached skill level 17 in Shields
 42090 | Vaults:2 | Found Xuol's Book Shoppe.
 42484 | Vaults:3 | Received a gift from Trog
 42794 | Vaults:3 | Received a gift from Trog
 43242 | Vaults:3 | Gained mutation: You are immune to clouds of flame.
                  | [demonic ancestry]
 43242 | Vaults:3 | Reached XP level 21. HP: 173/173 MP: 21/21
 43361 | Vaults:3 | Found Uwneg's Distillery.
 43710 | Vaults:3 | Found a staircase to the Crypt.
 43802 | Vaults:4 | Received a gift from Trog
 44447 | Vaults:4 | Reached skill level 18 in Shields
 44601 | Vaults:4 | Got a pair of brightly glowing gloves
 44603 | Vaults:4 | Identified the cursed +0 pair of gloves of Cues {*Drain
                  | rC+++ Regen+ MP+9} (You found it on level 4 of the Vaults)
 44747 | Vaults:4 | Identified the +1 bardiche "Killer Klown's Curse" {vorpal,
                  | Will- MP+9 Str-4 Dex+5}
 45049 | Vaults:5 | Entered Level 5 of the Vaults
 45112 | Vaults:5 | Noticed Bai Suzhen
 45125 | Vaults:4 | Received a gift from Trog
 45161 | Vaults:5 | Noticed an ancient lich
 45196 | Vaults:4 | Killed Bai Suzhen
 45290 | Vaults:5 | Noticed a golden dragon
 45348 | Vaults:4 | Killed an ancient lich
 45438 | Vaults:5 | Identified the +7 war axe of Fate {vorpal, rPois rC+}
 45450 | Vaults:4 | Killed a golden dragon
 45451 | Vaults:4 | Reached XP level 22. HP: 170/183 MP: 22/22
 45569 | Vaults:5 | Noticed an ancient lich
 45571 | Vaults:5 | Noticed a golden dragon
 45875 | Vaults:5 | Killed a golden dragon
 45876 | Vaults:5 | Killed an ancient lich
 45876 | Vaults:5 | Noticed a golden dragon
 45901 | Vaults:5 | Reached skill level 19 in Shields
 45902 | Vaults:5 | Killed a golden dragon
 46205 | Vaults:4 | Received a gift from Trog
 46337 | Vaults:5 | Paralysed by a floating eye for 4 turns
 46337 | Vaults:5 | Noticed a golden dragon
 46453 | Vaults:5 | Identified the +5 hand axe "Maer" {vorpal, Int+4}
 46693 | Vaults:4 | Killed a golden dragon
 46927 | Vaults:5 | Found the +8 whip "Snakebite" {curare, rPois}
 46944 | Vaults:5 | Acquired the amulet "Jopt" {Reflect +Blink rPois rF++ SH+5
                  | Stlth-}
 47014 | Vaults:5 | Received a gift from Trog
 47089 | Vaults:5 | Identified The Arcane Secrets of Theurgy
 47100 | Vaults:5 | Got a warped helmet
 47101 | Vaults:5 | Identified the +2 helmet of the Louse {Rampage *Corrode
                  | Regen+} (You found it on level 5 of the Vaults)
 47152 | Vaults:5 | Got a silver rune of Zot
 47428 | Vaults:5 | Found the +3 salamander hide armour {Flames rF++ rC--}
 47981 | Depths:1 | Entered Level 1 of the Depths
 48016 | Depths:1 | Found a gateway to Hell.
 48375 | Depths:1 | Found a one-way gate leading to the halls of Pandemonium.
 48381 | Depths:1 | Received a gift from Trog
 48388 | Depths:1 | Got a fine war axe {god gift}
 48393 | Depths:1 | Identified the +3 war axe "Qonobb" {vorpal, Int+3} (Trog
                  | gifted it to you on level 1 of the Depths)
 48555 | Depths:1 | Gained mutation: When low on magic, you restore magic in
                  | place of health. [demonic ancestry]
 48555 | Depths:1 | Reached XP level 23. HP: 192/192 MP: 23/23
 48788 | Depths:1 | Got a bloodstained buckler
 48789 | Depths:1 | Identified the +3 buckler "Qimuda" {+Inv Will+ Int-5} (You
                  | found it on level 1 of the Depths)
 49473 | Depths:2 | Received a gift from Trog
 50068 | Depths:3 | Reached skill level 20 in Shields
 50099 | Depths:3 | Noticed Boris
 50119 | Depths:3 | Killed Boris
 50284 | Depths:3 | Received a gift from Trog
 50616 | Depths:3 | Noticed a caustic shrike
 50636 | Depths:3 | Killed a caustic shrike
 51646 | Depths:4 | Received a gift from Trog
 51672 | Depths:4 | Gained mutation: You have a pair of small horns on your
                  | head. [a neqoxec]
 51676 | Depths:4 | Gained mutation: You are weak. (Str -2) [a neqoxec]
 51946 | Depths:4 | Found Jyguaw's Demolitions Depot.
 51954 | Depths:4 | Bought a wand of acid (7) for 286 gold pieces
 51971 | Depths:4 | Got a translucent plate armour
 51972 | Depths:4 | Identified the +5 plate armour "Busuxoah" {Will+ Str+2
                  | Dex+4} (You found it on level 4 of the Depths)
 52195 | Depths:3 | Reached XP level 24. HP: 202/202 MP: 23/23
 52415 | Depths:4 | Noticed a juggernaut
 52451 | Depths:4 | Killed a juggernaut
 52554 | Depths:4 | Found a portal to a secret trove of treasure.
 52784 | Depths:4 | Found a one-way gate to the infinite horrors of the Abyss.
 53096 | Depths:3 | Acquired a +0 tower shield of protection
 53150 | Depths:5 | Entered Level 5 of the Depths
 53319 | Depths:5 | Reached skill level 21 in Shields
 53319 | Depths:5 | Gained mutation: You are powered by pain. [demonic
                  | ancestry]
 53319 | Depths:5 | Reached XP level 25. HP: 210/210 MP: 23/23
 53405 | Depths:5 | Found a gateway to a ziggurat.
 53488 | Depths:5 | Found a shimmering blue altar of Sif Muna.
 53569 | Depths:5 | Found Upniubeh's Armour Emporium.
 53569 | Depths:5 | Found Jedahuum's Distillery.
 53570 | Depths:5 | Found Okovaodo's Antique Armour Emporium.
 53574 | Depths:5 | Found Offoisku's Book Shoppe.
 53586 | Depths:5 | Bought a heavily runed plate armour for 1036 gold pieces
 53588 | Depths:5 | Identified the cursed +0 plate armour of Spite {rPois rF+
                  | rC++ Str-2} (You bought it in a shop on level 5 of the
                  | Depths)
 53691 | Depths:5 | Received a gift from Trog
 54067 | Depths:5 | Found a gate to the Realm of Zot.
 54332 | Hell     | Entered the Vestibule of Hell
 54332 | Hell     | Noticed Geryon
 54372 | Hell     | Killed Geryon
 54726 | Hell     | Noticed an ancient lich
 54728 | Hell     | Found a gateway to the decaying netherworld of Tartarus.
 54742 | Hell     | Killed an ancient lich
 54752 | Hell     | Received a gift from Trog
 54866 | Hell     | Found a gateway to the freezing wastes of Cocytus.
 54975 | Hell     | Found a gateway to the Iron City of Dis.
 55095 | Hell     | Noticed Murray
 55128 | Hell     | Killed Murray
 55299 | Hell     | Found a gateway to the ashen valley of Gehenna.
 55481 | Geh:1    | Entered Level 1 of Gehenna
 55491 | Geh:1    | Gained mutation: You are completely covered in slimy green
                  | scales. (AC +4, rPois) [demonic ancestry]
 55491 | Geh:1    | Reached XP level 26. HP: 213/219 MP: 23/23
 55548 | Geh:1    | Received a gift from Trog
 55606 | Geh:1    | Reached skill level 22 in Shields
 56624 | Geh:1    | Received a gift from Trog
 57109 | Geh:2    | Received a gift from Trog
 57396 | Geh:2    | Received a gift from Trog
 57838 | Geh:2    | Received a gift from Trog
 57845 | Geh:2    | Got a crystal broad axe {god gift}
 57846 | Geh:2    | Identified the +6 broad axe of Trog's Hatred {flame, rF+
                  | SInv} (Trog gifted it to you on level 2 of Gehenna)
 58924 | Shoals:1 | Found a transporter.
 58924 | Shoals:1 | Noticed Teryn's ghost (journeyman DsAK)
 58958 | Shoals:1 | Killed Teryn's ghost
 59225 | Shoals:1 | Received a gift from Trog
 59412 | Shoals:1 | Reached skill level 23 in Shields
 59619 | Shoals:2 | Noticed Polyphemus
 59630 | Shoals:2 | Killed Polyphemus
 59791 | Shoals:2 | Gained mutation: You can hurl damnation. [demonic ancestry]
 59791 | Shoals:2 | Reached XP level 27. HP: 229/229 MP: 23/23
 59793 | Shoals:2 | You fall into a shaft and drop 1 floor!
 59793 | Shoals:3 | Noticed Ilsuiw
 59810 | Shoals:3 | Identified the +0 ring mail "Jegygaef" {rF+ Str+3}
 59852 | Shoals:3 | Killed Ilsuiw
 60032 | Shoals:3 | Received a gift from Trog
 60042 | Shoals:3 | Got a polished war axe {god gift}
 60066 | Shoals:2 | Identified the +3 war axe "Efyude" {vorpal, *Contam +Inv
                  | rN++} (Trog gifted it to you on level 3 of the Shoals)
 60695 | Shoals:3 | Found Rossatodgh's Magic Scroll Emporium.
 60703 | Shoals:3 | Bought a scroll of enchant armour for 97 gold pieces
 60703 | Shoals:3 | Bought a scroll of enchant armour for 97 gold pieces
 60709 | Shoals:3 | Acquired 1157 gold pieces
 61436 | Depths:4 | You paid a toll of +2 ice dragon scales to enter a treasure
                  | trove
 61437 | Trove    | Entered a treasure trove
 61437 | Trove    | Found the +5 robe of Misfortune {*Contam Harm *Corrode
                  | *Drain *Slow EV+5}
 61448 | Trove    | Got a bound golden ring
 61452 | Trove    | Gained mutation: Your magical capacity is low. (-10% MP) [a
                  | shining eye]
 61469 | Trove    | Gained mutation: Your magical capacity is very low. (-20%
                  | MP) [a shining eye]
 61472 | Trove    | Gained mutation: You are very weak. (Str -4) [a shining
                  | eye]
 61482 | Trove    | Gained mutation: Armour fits poorly on your strangely
                  | shaped body. [a shining eye]
 61513 | Depths:4 | Identified the ring "Ticogoak" {rF+ rC+ rN+ Int+2 Stlth+}
                  | (You found it in a treasure trove)
 61514 | Depths:4 | Lost mutation: Your magical capacity is very low. (-20% MP)
                  | [potion of mutation]
 61514 | Depths:4 | Lost mutation: You are very weak. (Str -4) [potion of
                  | mutation]
 61514 | Depths:4 | Lost mutation: You have a pair of small horns on your head.
                  | [potion of mutation]
 61514 | Depths:4 | Lost mutation: You are weak. (Str -2) [potion of mutation]
 61514 | Depths:4 | Gained mutation: You do not regenerate when monsters are
                  | visible. [potion of mutation]
 61514 | Depths:4 | Gained mutation: You expend magic power (3 MP) to
                  | strengthen your wands. [potion of mutation]
 61514 | Depths:4 | Gained mutation: You possess an exceptional clarity of
                  | mind. [potion of mutation]
 61515 | Depths:4 | Lost mutation: Your magical capacity is low. (-10% MP)
                  | [potion of mutation]
 61515 | Depths:4 | Gained mutation: You have a pair of small antennae on your
                  | head. [potion of mutation]
 61515 | Depths:4 | Lost mutation: You possess an exceptional clarity of mind.
                  | [potion of mutation]
 61515 | Depths:4 | Gained mutation: Your mind is acute. (Int +2) [potion of
                  | mutation]
 61516 | Depths:4 | Lost mutation: You have a pair of small antennae on your
                  | head. [potion of mutation]
 61516 | Depths:4 | Lost mutation: Armour fits poorly on your strangely shaped
                  | body. [potion of mutation]
 61516 | Depths:4 | Lost mutation: You do not regenerate when monsters are
                  | visible. [potion of mutation]
 61516 | Depths:4 | Gained mutation: You possess an exceptional clarity of
                  | mind. [potion of mutation]
 61516 | Depths:4 | Gained mutation: Your magical capacity is low. (-10% MP)
                  | [potion of mutation]
 61516 | Depths:4 | Gained mutation: You are covered in fur. (AC +1) [potion of
                  | mutation]
 61516 | Depths:4 | Gained mutation: You have sharp fingernails. [potion of
                  | mutation]
 62159 | Shoals:4 | Entered Level 4 of the Shoals
 62178 | Shoals:4 | Found Ynodam's Gadget Boutique.
 62201 | Shoals:4 | Identified the +3 demon blade of Iconoclasm {vamp, rN+}
 62257 | Shoals:4 | Received a gift from Trog
 62286 | Shoals:4 | Found a corrupted altar of Lugonu.
 62402 | Shoals:4 | Got a barnacled rune of Zot
 62862 | Shoals:4 | Found the ring of Shadows {Umbra +Inv Stlth+}
 63260 | Orc:2    | Bought an uncursed ring of resist corrosion for 300 gold
                  | pieces
 63512 | Slime:1  | Entered Level 1 of the Pits of Slime
 63768 | Slime:2  | Received a gift from Trog
 63986 | Slime:3  | Gained mutation: You occasionally shout uncontrollably at
                  | your foes. [a shining eye]
 64141 | Slime:4  | Paralysed by a great orb of eyes for 6 turns
 64318 | Slime:5  | Entered Level 5 of the Pits of Slime
 64350 | Slime:5  | Paralysed by a floating eye for 4 turns
 64370 | Slime:5  | Noticed the Royal Jelly
 64380 | Slime:5  | Paralysed by a floating eye for 4 turns
 64382 | Slime:5  | Killed the Royal Jelly
 64766 | Slime:5  | Paralysed by a floating eye for 4 turns
 64836 | Slime:5  | Paralysed by a floating eye for 3 turns
 64839 | Slime:5  | Gained mutation: You are frail. (-10% HP) [a shining eye]
 64841 | Slime:5  | Gained mutation: You are clumsy. (Dex -2) [a shining eye]
 64844 | Slime:5  | Gained mutation: You are very frail. (-20% HP) [a shining
                  | eye]
 64903 | Slime:5  | Lost mutation: You occasionally shout uncontrollably at
                  | your foes. [potion of mutation]
 64903 | Slime:5  | Lost mutation: You have sharp fingernails. [potion of
                  | mutation]
 64903 | Slime:5  | Lost mutation: Your mind is acute. (Int +2) [potion of
                  | mutation]
 64903 | Slime:5  | Lost mutation: You are very frail. (-20% HP) [potion of
                  | mutation]
 64903 | Slime:5  | Gained mutation: You have a pair of small horns on your
                  | head. [potion of mutation]
 64904 | Slime:5  | Lost mutation: You have a pair of small horns on your head.
                  | [potion of mutation]
 64904 | Slime:5  | Lost mutation: Your magical capacity is low. (-10% MP)
                  | [potion of mutation]
 64904 | Slime:5  | Lost mutation: You are frail. (-10% HP) [potion of
                  | mutation]
 64904 | Slime:5  | Gained mutation: You have a pair of small horns on your
                  | head. [potion of mutation]
 64904 | Slime:5  | Gained mutation: You are dopey. (Int -2) [potion of
                  | mutation]
 64904 | Slime:5  | Gained mutation: You are covered in thick fur. (AC +2)
                  | [potion of mutation]
 64905 | Slime:5  | Lost mutation: You expend magic power (3 MP) to strengthen
                  | your wands. [potion of mutation]
 64905 | Slime:5  | Lost mutation: You have a pair of small horns on your head.
                  | [potion of mutation]
 64905 | Slime:5  | Lost mutation: You possess an exceptional clarity of mind.
                  | [potion of mutation]
 64905 | Slime:5  | Gained mutation: You are robust. (+10% HP) [potion of
                  | mutation]
 64905 | Slime:5  | Gained mutation: Your muscles are strong. (Str +2) [potion
                  | of mutation]
 64905 | Slime:5  | Lost mutation: You are clumsy. (Dex -2) [potion of
                  | mutation]
 64911 | Slime:5  | Found the cursed necklace of Bloodlust {*Rage +Rage Will++
                  | Int-3 Slay+6 *Curse}
 64939 | Slime:5  | Got a slimy rune of Zot
 64995 | Slime:5  | Got a pitted war axe
 65008 | Slime:5  | Identified the Compendium of Vitriolic Feathers
 65038 | Slime:5  | Identified the Tome of the Rocks and Shape Shifting
 65054 | Slime:5  | Got an ancient wooden ring
 65060 | Slime:5  | Identified the +0 war axe "Ymighigu" {freeze, rC+++ rN++
                  | Stlth-} (You found it on level 5 of the Pits of Slime)
 65062 | Slime:5  | Identified the ring of Immorality {Fire Str+3 Int+5} (You
                  | found it on level 5 of the Pits of Slime)
 65403 | Slime:4  | Lost mutation: Your muscles are strong. (Str +2) [a shining
                  | eye]
 65635 | Slime:3  | Gained mutation: You are occasionally teleported next to
                  | monsters. [a shining eye]
 65636 | Slime:3  | Gained mutation: You are weak. (Str -2) [a shining eye]
 65874 | Slime:2  | Received a gift from Trog
 66024 | Lair:6   | Lost mutation: You are dopey. (Int -2) [potion of mutation]
 66024 | Lair:6   | Lost mutation: You are weak. (Str -2) [potion of mutation]
 66024 | Lair:6   | Lost mutation: You are covered in thick fur. (AC +2)
                  | [potion of mutation]
 66024 | Lair:6   | Gained mutation: Your spells are a little easier to cast,
                  | but a little less powerful. [potion of mutation]
 66024 | Lair:6   | Gained mutation: Your system is resistant to poisons.
                  | (rPois) [potion of mutation]
 66025 | Lair:6   | Lost mutation: Your spells are a little easier to cast, but
                  | a little less powerful. [potion of mutation]
 66025 | Lair:6   | Lost mutation: You are robust. (+10% HP) [potion of
                  | mutation]
 66025 | Lair:6   | Lost mutation: You are covered in fur. (AC +1) [potion of
                  | mutation]
 66025 | Lair:6   | Lost mutation: Your system is resistant to poisons. (rPois)
                  | [potion of mutation]
 66025 | Lair:6   | Gained mutation: Scrolls take you a little longer to read.
                  | [potion of mutation]
 66025 | Lair:6   | Gained mutation: You occasionally shout uncontrollably at
                  | your foes. [potion of mutation]
 66025 | Lair:6   | Gained mutation: You are somewhat resistant to further
                  | mutation. [potion of mutation]
 66026 | Lair:6   | Lost mutation: Scrolls take you a little longer to read.
                  | [potion of mutation]
 66026 | Lair:6   | Gained mutation: Scrolls take you a little longer to read.
                  | [potion of mutation]
 66026 | Lair:6   | Gained mutation: You are weak. (Str -2) [potion of
                  | mutation]
 66026 | Lair:6   | Gained mutation: You have sharp fingernails. [potion of
                  | mutation]
 66027 | Lair:6   | Lost mutation: Scrolls take you a little longer to read.
                  | [potion of mutation]
 66027 | Lair:6   | Lost mutation: You are weak. (Str -2) [potion of mutation]
 66027 | Lair:6   | Gained mutation: You are robust. (+10% HP) [potion of
                  | mutation]
 66027 | Lair:6   | Gained mutation: You are sometimes teleported next to
                  | monsters. [potion of mutation]
 66028 | Lair:6   | Lost mutation: You are robust. (+10% HP) [potion of
                  | mutation]
 66028 | Lair:6   | Lost mutation: You occasionally shout uncontrollably at
                  | your foes. [potion of mutation]
 66028 | Lair:6   | Lost mutation: You are somewhat resistant to further
                  | mutation. [potion of mutation]
 66028 | Lair:6   | Gained mutation: Your spells are a little easier to cast,
                  | but a little less powerful. [potion of mutation]
 66028 | Lair:6   | Gained mutation: Your flesh is very heat resistant. (rF++)
                  | [potion of mutation]
 66028 | Lair:6   | Gained mutation: Your flesh is almost immune to the effects
                  | of heat. (rF+++) [potion of mutation]
 66029 | Lair:6   | Lost mutation: Your spells are a little easier to cast, but
                  | a little less powerful. [potion of mutation]
 66029 | Lair:6   | Lost mutation: You are sometimes teleported next to
                  | monsters. [potion of mutation]
 66029 | Lair:6   | Gained mutation: You occasionally shout uncontrollably at
                  | your foes. [potion of mutation]
 66029 | Lair:6   | Gained mutation: You are clumsy. (Dex -2) [potion of
                  | mutation]
 66029 | Lair:6   | Gained mutation: You sometimes yell uncontrollably at your
                  | foes. [potion of mutation]
 66029 | Lair:6   | Gained mutation: You have an increased reservoir of magic.
                  | (+10% MP) [potion of mutation]
 66363 | D:13     | Lost mutation: Your flesh is almost immune to the effects
                  | of heat. (rF+++) [potion of mutation]
 66363 | D:13     | Lost mutation: Your flesh is very heat resistant. (rF++)
                  | [potion of mutation]
 66363 | D:13     | Lost mutation: You are clumsy. (Dex -2) [potion of
                  | mutation]
 66363 | D:13     | Gained mutation: You are agile. (Dex +2) [potion of
                  | mutation]
 66363 | D:13     | Gained mutation: You evolve. [potion of mutation]
 66364 | D:13     | Lost mutation: You are agile. (Dex +2) [potion of mutation]
 66364 | D:13     | Lost mutation: You have sharp fingernails. [potion of
                  | mutation]
 66364 | D:13     | Lost mutation: You evolve. [potion of mutation]
 66364 | D:13     | Gained mutation: You can translocate small distances at
                  | will. [potion of mutation]
 66587 | Depths:4 | Lost mutation: You sometimes yell uncontrollably at your
                  | foes. [potion of mutation]
 66587 | Depths:4 | Lost mutation: You occasionally shout uncontrollably at
                  | your foes. [potion of mutation]
 66587 | Depths:4 | Gained mutation: You evolve. [potion of mutation]
 66587 | Depths:4 | Gained mutation: Your body sometimes deteriorates upon
                  | taking damage. [potion of mutation]
 66587 | Depths:4 | Gained mutation: You are agile. (Dex +2) [potion of
                  | mutation]
 66588 | Depths:4 | Lost mutation: You evolve. [potion of mutation]
 66588 | Depths:4 | Lost mutation: Your body sometimes deteriorates upon taking
                  | damage. [potion of mutation]
 66588 | Depths:4 | Lost mutation: You have an increased reservoir of magic.
                  | (+10% MP) [potion of mutation]
 66588 | Depths:4 | Gained mutation: You have a pair of small antennae on your
                  | head. [potion of mutation]
 66928 | Vaults:5 | Lost mutation: You are occasionally teleported next to
                  | monsters. [potion of mutation]
 66928 | Vaults:5 | Lost mutation: You can translocate small distances at will.
                  | [potion of mutation]
 66928 | Vaults:5 | Gained mutation: You expend magic power (3 MP) to
                  | strengthen your wands. [potion of mutation]
 66928 | Vaults:5 | Gained mutation: You are strong-willed. (Will+) [potion of
                  | mutation]
 66928 | Vaults:5 | Gained mutation: You passively map a small area around you.
                  | [potion of mutation]
 67373 | Elf:3    | Lost mutation: You passively map a small area around you.
                  | [potion of mutation]
 67373 | Elf:3    | Lost mutation: You are strong-willed. (Will+) [potion of
                  | mutation]
 67373 | Elf:3    | Lost mutation: You have a pair of small antennae on your
                  | head. [potion of mutation]
 67373 | Elf:3    | Gained mutation: You have sharp fingernails. [potion of
                  | mutation]
 67373 | Elf:3    | Gained mutation: Scrolls take you a little longer to read.
                  | [potion of mutation]
 67373 | Elf:3    | Gained mutation: You evolve. [potion of mutation]
 67856 | Depths:5 | Voluntarily entered the Abyss.
 67875 | Abyss:1  | Found a corrupted altar of Lugonu.
 67948 | Abyss:1  | Found a corrupted altar of Lugonu.
 67961 | Abyss:1  | Found a corrupted altar of Lugonu.
 67984 | Abyss:1  | Lost mutation: You have sharp fingernails. [a neqoxec]
 67999 | Abyss:1  | Gained mutation: You occasionally shout uncontrollably at
                  | your foes. [a neqoxec]
 68105 | Abyss:1  | Gained mutation: Your system is resistant to poisons.
                  | (rPois) [evolution]
 68105 | Abyss:1  | Lost mutation: You evolve. [end of evolution]
 68786 | Abyss:2  | Gained mutation: You tend to lose your temper in combat. [a
                  | neqoxec]
 68822 | Abyss:2  | Reached skill level 24 in Shields
 68850 | Abyss:2  | Found a corrupted altar of Lugonu.
 69366 | Abyss:3  | Received a gift from Trog
 69598 | Abyss:4  | Lost mutation: You are agile. (Dex +2) [a neqoxec]
 69741 | Abyss:4  | Got an abyssal rune of Zot
 69756 | Depths:5 | Escaped the Abyss
 69935 | Depths:5 | Lost mutation: Your system is resistant to poisons. (rPois)
                  | [potion of mutation]
 69935 | Depths:5 | Lost mutation: Scrolls take you a little longer to read.
                  | [potion of mutation]
 69935 | Depths:5 | Lost mutation: You occasionally shout uncontrollably at
                  | your foes. [potion of mutation]
 69935 | Depths:5 | Gained mutation: Your spells are a little easier to cast,
                  | but a little less powerful. [potion of mutation]
 69935 | Depths:5 | Gained mutation: Your system is resistant to poisons.
                  | (rPois) [potion of mutation]
 69936 | Depths:5 | Lost mutation: Your system is resistant to poisons. (rPois)
                  | [potion of mutation]
 69936 | Depths:5 | Lost mutation: Your spells are a little easier to cast, but
                  | a little less powerful. [potion of mutation]
 69936 | Depths:5 | Lost mutation: You expend magic power (3 MP) to strengthen
                  | your wands. [potion of mutation]
 69936 | Depths:5 | Lost mutation: You tend to lose your temper in combat.
                  | [potion of mutation]
 69936 | Depths:5 | Gained mutation: You are occasionally teleported next to
                  | monsters. [potion of mutation]
 69936 | Depths:5 | Gained mutation: Your spells are a little harder to cast,
                  | but a little more powerful. [potion of mutation]
 69936 | Depths:5 | Gained mutation: You are clumsy. (Dex -2) [potion of
                  | mutation]
 69936 | Depths:5 | Gained mutation: Your flesh is very heat resistant. (rF++)
                  | [potion of mutation]
 71537 | Geh:5    | Reached skill level 25 in Shields
 71625 | Geh:5    | Received a gift from Trog
 71925 | Geh:7    | Entered Level 7 of Gehenna
 72002 | Geh:7    | Received a gift from Trog
 72287 | Geh:7    | Received a gift from Trog
 72529 | Geh:7    | HP: 17/352 [Brimstone Fiend/damnation (9)]
 72820 | Geh:7    | Reached skill level 26 in Shields
 72836 | Geh:7    | Found the +4 dagger "Morg" {pain, Will+ Int+5}
 72852 | Geh:7    | Identified the Incunabulum of Calling and Poison
 72990 | Geh:7    | Identified the +7 sceptre of Asmodeus
 72990 | Geh:7    | Noticed Asmodeus
 73012 | Geh:7    | Killed Asmodeus
 73023 | Geh:7    | Got an obsidian rune of Zot
 73512 | Dis:1    | Entered Level 1 of the Iron City of Dis
 73903 | Dis:2    | Received a gift from Trog
 74652 | Dis:7    | Entered Level 7 of the Iron City of Dis
 74747 | Dis:7    | Received a gift from Trog
 75464 | Dis:7    | Received a gift from Trog
 76063 | Dis:7    | Gained mutation: You are covered in fur. (AC +1) [mutagenic
                  | glow]
 76073 | Dis:7    | Gained mutation: You are dopey. (Int -2) [mutagenic glow]
 76094 | Dis:7    | Gained mutation: Your flesh is cold resistant. (rC+)
                  | [mutagenic glow]
 76332 | Dis:7    | Reached skill level 27 in Shields
 76362 | Dis:7    | Received a gift from Trog
 76414 | Dis:7    | Got a fine golden ring
 76420 | Dis:7    | Identified the ring "Ohuuroe" {MP+9 Str+3 Int-4 Slay+3
                  | SInv} (You found it on level 7 of the Iron City of Dis)
 76436 | Dis:7    | Got a brightly glowing turquoise ring
 76443 | Dis:7    | Identified the ring of Fickiniu {+Inv rN+ Will++} (You
                  | found it on level 7 of the Iron City of Dis)
 76659 | Dis:7    | Found the +9 scales of the Dragon King {rPois rF+ rC+
                  | Will+}
 76841 | Dis:7    | Identified the +4 staff of Dispater
 76841 | Dis:7    | Noticed Dispater
 76862 | Dis:7    | Killed Dispater
 76895 | Dis:7    | Got an iron rune of Zot
 77089 | Hell     | Upgraded the game from 0.26-b1-32-g5d43845318 to
                  | 0.26-b1-45-g23770d1d51
 77411 | Crypt:1  | Entered Level 1 of the Crypt
 77420 | Crypt:1  | Noticed Frederick
 77433 | Crypt:1  | Killed Frederick
 77450 | Crypt:1  | Found a runed translucent gate.
 77452 | Crypt:1  | Found a runed translucent gate.
 77471 | Crypt:1  | Noticed Morbidden's ghost (veteran DrTm)
 77491 | Crypt:1  | Received a gift from Trog
 77500 | Crypt:1  | Paralysed by a vampire knight for 7 turns
 77803 | Crypt:1  | Found a runed translucent gate.
 77904 | Crypt:1  | Killed Morbidden's ghost
 78346 | Crypt:1  | Found a basalt altar of Yredelemnul.
 78769 | Crypt:2  | Noticed Sojobo
 78790 | Crypt:2  | Killed Sojobo
 78795 | Crypt:2  | Received a gift from Trog
 78798 | Crypt:2  | Got a translucent broad axe {god gift}
 78804 | Crypt:2  | Identified the +10 broad axe "Agginlaej" {flame, Str+4}
                  | (Trog gifted it to you on level 2 of the Crypt)
 79223 | Crypt:3  | Entered Level 3 of the Crypt
 79285 | Crypt:3  | Paralysed by a vampire knight for 4 turns
 79442 | Crypt:3  | Received a gift from Trog
 79690 | Crypt:3  | Found a basalt altar of Yredelemnul.
 79698 | Crypt:3  | Found an ancient bone altar of Kikubaaqudgha.
 79776 | Crypt:3  | Found the +6 Majin-Bo {vamp, MP+6 Int+6}
 79781 | Crypt:3  | Got a glittering silver ring
 79796 | Crypt:3  | Identified the ring of Axziodgh {+Fly rN+} (You found it on
                  | level 3 of the Crypt)
 80175 | Crypt:3  | Found a staircase to the Tomb.
 80371 | Tomb:1   | Entered Level 1 of the Tomb of the Ancients
 80572 | Tomb:1   | Paralysed by a sphinx for 7 turns
 80591 | Tomb:1   | Gained mutation: Your magical capacity is low. (-10% MP) [a
                  | cacodemon]
 80592 | Tomb:1   | Gained mutation: You tend to lose your temper in combat. [a
                  | cacodemon]
 80604 | Tomb:1   | Lost mutation: You are dopey. (Int -2) [a cacodemon]
 80606 | Tomb:1   | Lost mutation: You are clumsy. (Dex -2) [potion of
                  | mutation]
 80606 | Tomb:1   | Lost mutation: Your flesh is very heat resistant. (rF++)
                  | [potion of mutation]
 80606 | Tomb:1   | Lost mutation: You tend to lose your temper in combat.
                  | [potion of mutation]
 80606 | Tomb:1   | Lost mutation: Your flesh is cold resistant. (rC+) [potion
                  | of mutation]
 80606 | Tomb:1   | Gained mutation: Your body sometimes deteriorates upon
                  | taking damage. [potion of mutation]
 80606 | Tomb:1   | Gained mutation: You can translocate small distances at
                  | will. [potion of mutation]
 80606 | Tomb:1   | Gained mutation: You are agile. (Dex +2) [potion of
                  | mutation]
 80661 | Tomb:1   | Noticed a royal mummy
 80682 | Tomb:1   | HP: 12/244 [poisoned by an ushabti (dark miasma)]
 80682 | Tomb:1   | Killed from afar by a royal mummy

Illustrated notes

Levels and vault maps discovered:
D:1:      dpeg_arrival_concentric_ovals, layout_basic
D:2:      kennysheep_the_goblin_king, layout_rooms, minmay_misc_feat_cross,
          chequers_serial_rivers_room_a, uniq_jessica
D:3:      layout_basic, nemelex_xobeh_ov_fountains_minmay,
          nzn_wu_jian_contemplation, trog_three_pillars_becter
D:4:      layout_loops_ring, overflow_temple_1_default
D:5:      layout_basic, minmay_temple_entry_hall, enter_ossuary_1
D:6:      layout_rooms, led_sif_book, basic_altar
D:7:      layout_loops_ring, uniq_crazy_yiuf_cottage
D:8:      layout_loops_cross, serial_shops, nicolae_shop_statue_plus
D:9:      layout_cave_pools, minitemple, serial_shops, shop_coins,
          enter_bailey_3, uniq_maggie
D:10:     layout_irregular_city, david_lair_shrubbed, uniq_josephine,
          uniq_nergalle
D:11:     layout_basic, erik_orc_4, serial_shops, kennysheep_mini,
          hangedman_ranch [blue_anna_fruit_fields]
D:12:     layout_roguey
D:13:     minmay_connected_triangles_in_corner, layout_grid_maze,
          skrybe_limestone_x, nicolae_twisting_strands
D:14:     gammafunk_boulding_lane, layout_cave_pods, erik_vaults_2,
          portal_ice_cave_demonic_guard, hellmonk_ghost_happy_afterlife,
          kennysheep_minor_cross, uniq_nessos
D:15:     hangedman_depths_entry_try_elsewhere_first, layout_basic,
          nicolae_ru_awakened_eye, serial_shops, shop_fountains
Lair:1:   layout_long_grid, serial_rivers, chequers_serial_rivers_small_b,
          chequers_serial_rivers_large_b, chequers_serial_rivers_micro_e,
          chequers_serial_rivers_small_b, st_stairs_4, beast_lair_carwin_4
Lair:2:   layout_hall_layers, serial_forest, infiniplex_forest_straight_4,
          infiniplex_forest_lined_2, infiniplex_forest_corner_1,
          infiniplex_forest_straight_3, infiniplex_forest_clump_tiny,
          infiniplex_forest_straight_2, infiniplex_forest_straight_2,
          infiniplex_forest_lined_2, columned_hall_lemuel
Lair:3:   beast_lair_carwin_large_1, layout_cave_pods,
          elwin_shoals_entry_stream, dummy_snake_entry, special_room
          [special_room_bee], basic_altar, nicolae_volcano_entry_lava_flow
Lair:4:   layout_regular_city, gammafunk_ghost_cemetery,
          nicolae_quartered_pool_little, st_stairs_11,
          grunt_forest_small_clearing_treed
Lair:5:   layout_cave_pods
Lair:6:   guppyfry_lair_end_dragon, layout_gridlike, dpeg_slime_entry_corner,
          bh_autumn_forest_stairs, grunt_megastairs_1
Shoals:1: layout_shoals, gammafunk_ghost_arena, nzn_prometheus_bound
Shoals:2: layout_shoals, uniq_polyphemus
Shoals:3: layout_shoals, serial_shops, shop, nicolae_shoals_square_sea_wall,
          nicolae_shoals_kraken_intersection, uniq_ilsuiw
Shoals:4: shoals_end_simple, layout_shoals, shoal_ilsuiw, serial_shops, shop,
          amcnicky_altar_lugonu_corruption
Snake:1:  layout_basic, st_stairs_6, uniq_aizul, uniq_asterion
Snake:2:  layout_grid_shapes, grunt_megastairs_3, uniq_vashnia
Snake:3:  layout_layer_cave
Snake:4:  grunt_snake_rune_pools, layout_rooms, serial_shops, shop, shop,
          nicolae_snake_double_loop, grunt_ministairs_8, serial_bayou_shore_a,
          minmay_shop_grove, serial_bayou_shore_b, uniq_roxanne
Slime:1:  layout_caves
Slime:2:  layout_caves
Slime:3:  layout_caves
Slime:4:  layout_caves
Slime:5
Orc:1:    layout_caves, nicolae_orc_lava_tube, minmay_orc_barracks
Orc:2:    grunt_orc_gardens, layout_caves, grunt_orc_garden, grunt_orc_garden,
          grunt_orc_garden, grunt_orc_garden, ebering_ghost_inner_flame,
          basic_altar, nicolae_orc_stony_grotto
Elf:1:    elf_arrival_002, layout_geoelf_octagon, kennysheep_underground_church,
          lemuel_flamethrower_hall
Elf:2:    layout_gridlike, serial_shops, shop, minivault_19, drop_trap,
          evilmike_ambush [evilmike_ambush_outer_pillars,
          evilmike_ambush_inner_basic]
Elf:3:    grunt_elf_hall_branching, layout_geoelf_diagonals
Vaults:1: nicolae_vaults_little_ls, nicolae_vaults_ninety_degrees,
          nicolae_vaults_stairing_the_circle, v_alt_pattern_3, st_spiral_rooms,
          v_rooms_2, hangedman_vaults_river_flow, nicolae_vaults_asterisk,
          grunt_vaults_hallway_short, v_misc_26, vaults_room_grid, v_misc_4,
          vaults_room_hallway, v_misc_19, layout_vaults_omnibox,
          mu_enter_wizlab_4
Vaults:2: vaults_room_stairs_pillars, ontoclasm_vaults_tryst,
          vaults_room_fancy_cross, nicolae_vaults_angled_halls, v_alt_pattern_2,
          layout_vaults_quadrants, serial_shops,
          nicolae_shop_competitors_out_of_business
Vaults:3: nicolae_vaults_circle_grid_a, nicolae_vaults_display_case,
          blue_anna_dwarven_crypt, v_misc_29, ontoclasm_vaults_bender,
          nicolae_vaults_rhombus_6, vaults_room_corners, hangedman_vaults_snaps,
          nicolae_vaults_big_ls, hangedman_vaults_slither,
          hangedman_vaults_stretched_pinwheel, vaults_dpeg_diagonal,
          nicolae_vaults_little_squares_1, v_misc_2, layout_vaults_maze_bifur,
          serial_shops, shop_fountains
Vaults:4: grunt_vaults_hallway_long, hangedman_vaults_trim,
          nicolae_vaults_little_squares_1, nicolae_vaults_network_periphery,
          nicolae_vaults_network_quinsquares
          [nicolae_vaults_network_quincunx_subvault,
          nicolae_vaults_network_quincunx_subvault,
          nicolae_vaults_network_quincunx_subvault,
          nicolae_vaults_network_quincunx_subvault], nicolae_vaults_what_the_h,
          v_misc_18, v_pattern_2, hangedman_vaults_corner_blocks,
          layout_vaults_chaotic_city
Vaults:5: serial_shops, uniq_margery, uniq_bai_suzhen
Crypt:1:  layout_catacombs, gammafunk_ghost_necromancy,
          serial_sigils_hangedman_scar, minivault_11, hangedman_blasphemy,
          uniq_frederick
Crypt:2:  layout_basic, uniq_sojobo
Crypt:3:  lightli_unholy_cathedral, layout_chaotic_city,
          nicolae_tomb_entry_unfolded_pyramid_diagonal,
          nicolae_crypt_small_crypt
Tomb:1
Depths:1: layout_honeycomb, grunt_pan_entry_in_and_out,
          chequers_serial_rivers_small_b, hell_entry, grunt_ministairs_2,
          hex_large, bh_walls_and_bars
Depths:2: minmay_the_grid_triangle_9x9_recursive_2_mashed
          [minmay_the_grid_triangle_9x9_prize_top_heavy,
          minmay_the_grid_triangle_9x9_descending_squares,
          minmay_the_grid_triangle_9x9_swiss_cheese,
          minmay_the_grid_triangle_9x9_windchime], layout_gridlike, hell_entry,
          serial_sigils, serial_sigils_hangedman_gut,
          serial_sigils_hangedman_snap, serial_sigils_hangedman_etch,
          serial_sigils_hangedman_writhe, serial_sigils_hangedman_scratch,
          serial_sigils_hangedman_gut, kennysheep_kite_vault
Depths:3: minmay_inside_and_out, layout_cave_pools,
          hangedman_abyss_or_decor_stabs, grunt_pan_entry_sceptre, hell_entry,
          chequers_jeans, dk_noncrumbling_2, amcnicky_mini_rare_corridor_liquid,
          fountainhead, uniq_boris
Depths:4: kennysheep_demon_jail, layout_gridlike, trove_entry_hex_spiral,
          abyss_entry, grunt_metal_band, nicolae_water_bricks,
          chequers_serial_rivers_micro_d, nicolae_blasting_shop, minivault_21
Depths:5: grunt_zot_entry_gee_three, layout_basic, enter_ziggurat_a,
          basic_altar, abyss_entry, hell_entry, minmay_shoptagon
Hell
Dis:1:    layout_jigsaw
Dis:2:    layout_gridville
Dis:3:    layout_jigsaw
Dis:4:    layout_overlapping_boxes
Dis:5:    layout_regular_city
Dis:6:    layout_regular_city
Dis:7:    iron_city_of_dis [dis_old, dis_wall_7], layout_chaotic_city
Geh:1:    layout_gehenna_lava_caves
Geh:2:    layout_gehenna_lava_caves
Geh:3:    layout_gehenna_pools_box
Geh:4:    layout_gehenna_pools_box
Geh:5:    layout_gehenna_pools_basic, hangedman_elemental_corridor
Geh:6:    layout_gehenna_lava_caves
Geh:7:    geh_old

Skill      XL: |  1  2  3  4  5  6  7  8  9 10 11 12 13 14 15 16 17 18 19 20 21 22 23 24 25 26 27 |
---------------+----------------------------------------------------------------------------------+-----
Axes           | 2 3 4 5 6 8 10 12 13 15 16 17 18 19 20 21 22 23 26 | 26.4
Shields        | 3 4 5 6 7 8 10 11 12 13 15 16 17 18 19 20 21 23 27 | 27.0
Armour         | 3 4 5 6 7 8 10 11 12 13 14 15 16 17 19 | 19.6
Dodging        | 1 2 |  2.3
Stealth        | 1 2 4 |  4.7
Fighting       | 4 5 6 8 9 10 12 13 14 15 16 17 18 19 20 21 25 | 25.7
Evocations     | 1 2 3 |  3.1
Throwing       | 1 2 3 4 5 6 7 |  7.8
Polearms       | 1 |  1.3

Action                   |  1- 3 |  4- 6 |  7- 9 | 10-12 | 13-15 | 16-18 | 19-21 | 22-24 | 25-27 || total
-------------------------+-------+-------+-------+-------+-------+-------+-------+-------+-------++-------
Melee: War axe           |    99 |   123 |   402 |   728 |  1522 |   728 |  1619 |  1307 |  4732 || 11260
       Kick              |    11 |    44 |   121 |   310 |   707 |   639 |   817 |   646 |  2554 ||  5849
       Spear             |       |       |       |       |    11 |       |       |       |       ||    11
       Broad axe         |       |       |       |       |       |   738 |       |       |       ||   738
       Headbutt          |       |       |       |       |       |       |       |    75 |   513 ||   588
Throw: Boomerang         |       |       |       |    39 |    81 |    51 |    32 |    47 |   150 ||   400
       Throwing net      |       |       |       |       |       |       |       |       |     1 ||     1
Invok: Berserk           |       |       |       |     5 |    11 |    11 |     5 |     3 |     7 ||    42
       Trog's Hand       |       |       |       |       |     6 |     5 |     1 |     1 |    21 ||    34
       Brothers in Arms  |       |       |       |       |     6 |     4 |     2 |     3 |    11 ||    26
 Abil: Evoke Blink       |       |       |       |       |       |       |       |       |     4 ||     4
       Hurl Damnation    |       |       |       |       |       |       |       |       |     4 ||     4
       Blink             |       |       |       |       |       |       |       |       |     1 ||     1
Evoke: Wand              |       |     1 |     4 |    23 |    22 |     2 |       |       |       ||    52
       Horn of Geryon    |       |       |       |       |       |       |       |       |     1 ||     1
  Use: Potion            |       |     1 |       |     6 |     3 |     2 |       |     3 |    29 ||    44
       Scroll            |       |    12 |    11 |    11 |     9 |    15 |     8 |     8 |    27 ||   101
 Stab: Distracted        |       |       |       |       |     1 |     4 |       |       |     5 ||    10
       Petrified         |       |       |       |       |       |     6 |       |       |       ||     6
Armor: Scale mail        |    57 |    49 |    52 |       |       |       |       |       |       ||   158
       Crystal plate arm |       |       |   303 |   632 |   907 |   766 |   839 |   719 |  2444 ||  6610
Dodge: Dodged            |    31 |    38 |    75 |   162 |   130 |   124 |   161 |   210 |   748 ||  1679
Block: Kite shield       |    66 |    46 |   243 |   507 |   188 |       |       |       |       ||  1050
       Tower shield      |       |       |       |       |  1002 |  1360 |  1725 |  1585 |  6265 || 11937
       Reflection        |       |       |       |       |       |       |       |    62 |   170 ||   232
